 Dungeon Crawl Stone Soup version 0.26.0-18-gc5c842f807 (webtiles) character file.

Game seed: 12704082259821169389

1760536 Marvel the Axe Maniac (level 27, 281/281 HPs)
             Began as a Hill Orc Fighter on Jan 22, 2021.
             Was a High Priest of the Shining One.
             Escaped with the Orb
             ... and 3 runes on Jan 23, 2021!
             The game lasted 04:40:14 (69363 turns).

Marvel the Axe Maniac (Hill Orc Fighter)           Turns: 69363, Time: 04:40:15

Health: 281/281    AC: 47    Str: 36    XL:     27
Magic:  37/37      EV: 11    Int:  8    God:    the Shining One [*****.]
Gold:   6923       SH: 25    Dex: 11    Spells: 26/26 levels left

rFire    + + +     SeeInvis +   R - +9 broad axe (vorpal)
rCold    + + +     Faith    .   H - +5 kite shield {rC+}
rNeg     + + .     Spirit   .   z - +9 scales of the Dragon King {rPois rF+ rC+ Will+}
rPois    +         Reflect  .   i - +2 hat {SInv}
rElec    +         Harm     .   b - scarf {rC+ rF+}
rCorr    +         Rampage  .   J - +2 pair of gloves {Dex+3}
Will     ++++.                  C - +2 pair of boots
Stlth    ..........             s - amulet of regeneration
HPRegen  0.96/turn              w - ring "Urghirch" {rElec Will+ rCorr Str+2}
MPRegen  0.25/turn              N - ring of protection from fire

@: glowing
A: hooves 1, repulsion field 1, icy blue scales 1, rugged brown scales 1, clumsy
1, sense surroundings 2, strong 1
0: Orb of Zot
}: 3/15 runes: decaying, silver, gossamer
a: Renounce Religion, Divine Shield, Cleansing Flame, Summon Divine Warrior


You escaped.
You worshipped the Shining One.
The Shining One was extremely pleased with you.
You visited 12 branches of the dungeon, and saw 51 of its levels.
You visited 1 bazaar.
You also visited: Ice Cave.

You collected 8842 gold pieces.
You spent 1919 gold pieces at shops.

Inventory:

Hand Weapons
 r - the +10 war axe "Iwkeg" {flame, rF+}
   (Okawaru gifted it to you on level 4 of the Vaults)

   It has been specially enchanted to burn those struck by it, causing extra
   injury to most foes and up to half again as much damage against particularly
   susceptible opponents.
   Big, fiery blades are also staple armaments of hydra-hunters.
   It protects you from fire.
 R - a +9 vorpal broad axe (weapon)
Missiles
 x - 12 datura-tipped darts
 D - 11 poisoned darts (quivered)
 M - 25 silver javelins
 Q - 2 silver boomerangs
 U - 34 curare-tipped darts
Armour
 b - a scarf of resistance (worn)
 i - a +2 hat of see invisible (worn)
 z - the +9 scales of the Dragon King (worn) {rPois rF+ rC+ Will+}
   (You found it on level 7 of the Dungeon)

   It protects you from fire.
   It protects you from cold.
   It protects you from poison.
   It affects your willpower, your defense against some magical effects.
 C - a +2 pair of boots (worn)
 H - a +5 kite shield of cold resistance (worn)
 J - a +2 pair of gloves of dexterity (worn)
Jewellery
 a - an uncursed ring of flight
 s - an amulet of regeneration (around neck)
 t - an uncursed ring of poison resistance
 u - an uncursed amulet of magic regeneration {unknown}
 w - the ring "Urghirch" (left hand) {rElec Will+ rCorr Str+2}
   (You acquired it on level 1 of the Realm of Zot)

   [ring of resist corrosion]

   It affects your strength (+2).
   It insulates you from electricity.
   It affects your willpower, your defense against some magical effects.
   It provides partial protection from all sources of acid and corrosion.
 E - a +4 ring of slaying
 N - a ring of protection from fire (right hand)
Wands
 h - a wand of digging (5)
 j - a wand of flame (219)
 k - a wand of disintegration (51)
 q - a wand of acid (33)
 A - a wand of paralysis (28)
 G - a wand of iceblast (23)
 L - a wand of enslavement (32)
 T - a wand of polymorph (16)
Scrolls
 c - 4 scrolls of amnesia
 e - 31 scrolls of identify
 n - 11 scrolls of fog
 o - 3 scrolls of fear
 p - 14 scrolls of remove curse
 v - 3 scrolls of silence
 y - 6 scrolls of enchant armour
 F - 6 scrolls of teleportation
 I - 8 scrolls of blinking
 P - a scroll of acquirement
 X - 4 scrolls of enchant weapon
Potions
 d - 8 potions of might
 f - 9 potions of ambrosia
 g - 6 potions of heal wounds
 l - 2 potions of magic
 B - 20 potions of curing
 K - 9 potions of haste
 O - 4 potions of cancellation
 S - 8 potions of flight
 W - 4 potions of mutation
 Y - 7 potions of berserk rage
 Z - 4 potions of resistance
Miscellaneous
 V - a lightning rod (4/4)


   Skills:
 O Level 27 Fighting
 O Level 27 Axes
 + Level 9.6 Throwing
 + Level 24.3 Armour
 + Level 1.0 Dodging
 + Level 0.7 Stealth
 O Level 27 Shields
 + Level 21.5 Invocations
 + Level 2.8 Evocations


You had 26 spell levels left.
You didn't know any spells.
Your spell library contained the following spells:

 Spells                   Type           Power        Failure   Level
 Animate Skeleton         Necr           0%           91%         1
 Apportation              Tloc           0%           91%         1
 Beastly Appendage        Tmut           0%           91%         1
 Corona                   Hex            0%           91%         1
 Freeze                   Ice            0%           91%         1
 Magic Dart               Conj           0%           91%         1
 Pain                     Necr           0%           91%         1
 Sandblast                Erth           0%           91%         1
 Shock                    Conj/Air       0%           91%         1
 Sting                    Tmut/Pois      0%           91%         1
 Summon Small Mammal      Summ           0%           91%         1
 Blink                    Tloc           N/A          97%         2
 Call Imp                 Summ           0%           97%         2
 Corpse Rot               Necr/Air       N/A          97%         2
 Ensorcelled Hibernation  Hex/Ice        0%           97%         2
 Passwall                 Tmut/Erth      0%           97%         2
 Poisonous Vapours        Pois/Air       0%           97%         2
 Slow                     Hex            0%           97%         2
 Sublimation of Blood     Necr           0%           97%         2
 Swiftness                Air            0%           97%         2
 Wereblood                Tmut           0%           97%         2
 Call Canine Familiar     Summ           0%           100%        3
 Confusing Touch          Hex            0%           100%        3
 Conjure Flame            Conj/Fire      0%           100%        3
 Dazzling Flash           Conj/Hex       0%           100%        3
 Frozen Ramparts          Ice            0%           100%        3
 Gell's Gravitas          Tloc           0%           100%        3
 Ignite Poison            Fire/Tmut/Pois 0%           100%        3
 Inner Flame              Hex/Fire       0%           100%        3
 Lesser Beckoning         Tloc           0%           100%        3
 Mephitic Cloud           Conj/Pois/Air  0%           100%        3
 Ozocubu's Armour         Ice            0%           100%        3
 Portal Projectile        Hex/Tloc       0%           100%        3
 Spider Form              Tmut/Pois      0%           100%        3
 Static Discharge         Conj/Air       0%           100%        3
 Stone Arrow              Conj/Erth      0%           100%        3
 Summon Guardian Golem    Hex/Summ       0%           100%        3
 Tukima's Dance           Hex            0%           100%        3
 Vampiric Draining        Necr           0%           100%        3
 Airstrike                Air            0%           100%        4
 Animate Dead             Necr           0%           100%        4
 Cause Fear               Hex            0%           100%        4
 Hailstorm                Conj/Ice       0%           100%        4
 Ice Form                 Ice/Tmut       0%           100%        4
 Leda's Liquefaction      Hex/Erth       0%           100%        4
 Olgreb's Toxic Radiance  Pois           0%           100%        4
 Petrify                  Tmut/Erth      0%           100%        4
 Summon Ice Beast         Ice/Summ       0%           100%        4
 Summon Lightning Spire   Summ/Air       0%           100%        4
 Alistair's Intoxication  Tmut/Pois      0%           100%        5
 Blade Hands              Tmut           0%           100%        5
 Bolt of Magma            Conj/Fire/Erth 0%           100%        5
 Borgnjor's Vile Clutch   Necr/Erth      0%           100%        5
 Fireball                 Conj/Fire      0%           100%        5
 Irradiate                Conj/Tmut      0%           100%        5
 Iskenderun's Battlesphe  Conj           0%           100%        5
 Lee's Rapid Deconstruct  Erth           0%           100%        5
 Lightning Bolt           Conj/Air       0%           100%        5
 Metabolic Englaciation   Hex/Ice        0%           100%        5
 Silence                  Hex/Air        0%           100%        5
 Summon Forest            Summ/Tloc      0%           100%        5
 Yara's Violent Unravell  Hex/Tmut       0%           100%        5
 Conjure Ball Lightning   Conj/Air       0%           100%        6
 Death Channel            Necr           0%           100%        6
 Eringya's Noxious Bog    Tmut/Pois      0%           100%        6
 Freezing Cloud           Conj/Ice/Air   0%           100%        6
 Hydra Form               Tmut           0%           100%        6
 Invisibility             Hex            0%           100%        6
 Iron Shot                Conj/Erth      0%           100%        6
 Ozocubu's Refrigeration  Ice            0%           100%        6
 Shadow Creatures         Summ           N/A          100%        6
 Simulacrum               Ice/Necr       0%           100%        6
 Starburst                Conj/Fire      0%           100%        6
 Statue Form              Tmut/Erth      0%           100%        6
 Dragon Form              Tmut           0%           100%        7
 Orb of Destruction       Conj           0%           100%        7
 Spellforged Servitor     Conj/Summ      0%           100%        7
 Summon Hydra             Summ           0%           100%        7
 Discord                  Hex            0%           100%        8
 Ignition                 Fire           0%           100%        8
 Death's Door             Necr           0%           100%        9
 Shatter                  Erth           0%           100%        9
 Tornado                  Air            0%           100%        9


Dungeon Overview and Level Annotations

Branches:
Dungeon (15/15)            Temple (1/1) D:7            Lair (3/6) D:9
  Swamp (4/4) Lair:2       Spider (4/4) Lair:3          Orc (2/2) D:10
    Elf (3/3) Orc:2        Vaults (5/5) D:13          Crypt (3/3) Vaults:3
   Tomb (1/3) Crypt:3      Depths (5/5) D:15            Zot (5/5) Depths:5
  IceCv (visited)

Altars:
Ashenzari
Cheibriados
Dithmenos
Elyvilon
Fedhas
Gozag
Hepliaklqana
Kikubaaqudgha
Makhleb
Nemelex Xobeh
Okawaru
Qazlal
Ru
Sif Muna
Trog
Uskayaw
Vehumet
Wu Jian
Xom
Yredelemnul
Zin
The Shining One
Beogh

Shops:
D:7 [   D:8 =   D:13 !(   Orc:2 [(*!(   Vaults:3 [   Depths:1 =!   Depths:5 (

Portals:
Hell: Depths:1 Depths:2 Depths:3 Depths:4 Depths:5
Abyss: Elf:2 Depths:1 Depths:2 Depths:3 Depths:4 Depths:5
Pandemonium: Depths:2 Depths:4 Depths:5
Ziggurat: Depths:2
Trove: D:10 (give 4 potions of resistance)

Annotations:
Elf:2 2 transporters, wjchen's ghost, adept MiFi


Innate Abilities, Weirdness & Mutations

You have large cloven feet.
You are surrounded by a mild repulsion field. (EV +2)
You are partially covered in icy blue scales. (AC +2)
You are partially covered in rugged brown scales. (AC +1, +3% HP)
You are clumsy. (Dex -2)
You passively map the area around you.
Your muscles are strong. (Str +2)


Message History

You climb upwards.
There is a stone staircase leading down here.
Your divine shield fades away.
There is a stone staircase leading up here.
You climb upwards.
There is a stone staircase leading down here.
There is an escape hatch in the ceiling here.
A mysterious force pulls you upwards. The hatch slams shut behind you.
There is a stone staircase leading up here.
You climb upwards.
There is a stone staircase leading down here.
Unknown command.
Evoke which item? (* to show all) (? for menu, Esc to quit)
Aiming: Dig
Press: ? - help, Shift-Dir - straight line A rock wall.
This square is lit by a halo and is covered in magical glow.
The rock shatters into small pieces.
There is a staircase leading out of the dungeon here.
You have escaped!

.......##.#...........###.......#
######..#...#########..##.......#
##....##.......##..#.......#
#...##.#######.##.........#
#..#..##.....##.##........#
#..#..#.#####.##.#......... ####
#.(#.#.##...#'.#.#........#
...####..#.#...###.#.'(#........#
......#..#.#.#.#@#.#.#.#........#
.........#.#.#..'#.#.#.#........#
.........#.#.##...##.#.'........#
##.........##.#####.##.#..#####.#
#.......##.##.#...##.##..#####.#
#....)...##.#######.##..........
#....)....##..#....##.........).
#..........#########.....####.##
#......#...............#.# #.##


There were no monsters in sight!

Vanquished Creatures
  Tiamat (Zot:3)
  7 orbs of fire (Zot:5)
  6 ancient liches
  Mennas (Vaults:4)
  Sojobo (Tomb:1)
  5 Killer Klowns
  Saint Roka (Depths:1)
  The ghost of Eldin the Sorcerer, a veteran DEWz of Sif Muna (Vaults:4)
  5 curse toes
  4 caustic shrikes (Depths:4)
  13 golden dragons
  Nikola (Spider:4)
  A profane servitor (Crypt:3)
  Jory (Depths:3)
  Arachne (Spider:3)
  3 bone dragons
  2 liches
  A Hell Sentinel (Zot:5)
  3 electric golems
  15 tentacled monstrosities
  Jorgrun (Elf:2)
  7 deep elf blademasters
  19 Orb Guardians (Zot:5)
  10 quicksilver dragons
  Asterion (Elf:2)
  7 deep elf master archers
  17 titans
  3 ancient champions
  9 death cobs
  9 sphinxes
  The ghost of Rod Caur the Severer, an adept HOFi of Beogh (Spider:1)
  13 shadow dragons
  24 storm dragons
  4 fenstrider witches (Swamp:4)
  10 tengu reavers
  9 revenants
  A draconian monk (Zot:5)
  An iron dragon (Depths:3)
  7 draconian knights
  24 frost giants
  19 vault wardens
  7 deep elf sorcerers
  10 ghost moths
  25 fire giants
  3 orc warlords
  4 ghouls
  A caustic shrike zombie (Depths:2)
  A balrug (Depths:2)
  9 draconian shifters
  Louise (Depths:4)
  7 emperor scorpions
  18 ironheart preservers
  7 draconian scorchers
  A draconian stormcaller (Zot:1)
  2 curse skulls (Crypt:2)
  A war gargoyle (Vaults:5)
  10 very ugly things
  4 deep elf elementalists
  3 draconian annihilators
  30 stone giants
  6 deep elf demonologists
  22 black draconians
  3 vampire knights
  13 deep elf annihilators
  4 entropy weavers
  18 green draconians
  15 red draconians
  14 white draconians
  7 purple draconians
  8 bunyips
  6 spark wasps
  9 yellow draconians
  15 ettins
  9 deep elf death magi
  3 eidola (Crypt:2)
  A crystal guardian (Vaults:4)
  Snorg (D:10)
  3 mummy priests (Tomb:1)
  24 jiangshi
  4 eleionomae
  2 green deaths
  12 yaktaur captains
  13 fire dragons
  A blizzard demon (Swamp:4)
  11 ice dragons
  4 deep elf high priests
  5 rakshasas
  A great orb of eyes (shapeshifter) (Vaults:4)
  A shambling mangrove (Swamp:2)
  7 boulder beetles
  Harold (D:10)
  16 hydras
  13 great orbs of eyes
  6 death knights
  6 ghost crabs
  A catoblepas (Lair:3)
  47 vault guards
  12 centaur warriors
  A spriggan air mage (Depths:4)
  23 dancing weapons
  6 alligators
  9 death scarabs (Tomb:1)
  A two-headed ogre (shapeshifter) (Vaults:5)
  6 tengu warriors
  14 ogre magi
  8 deep troll earth magi
  30 two-headed ogres
  9 vampire magi
  9 deep troll shamans
  A titan zombie (Crypt:2)
  5 orc high priests
  4 hell hogs (D:9)
  12 spriggans
  36 deep elf knights
  Sonja (Lair:1)
  Nergalle (Lair:3)
  A shock serpent (shapeshifter) (Vaults:4)
  2 soul eaters
  19 hell knights
  4 sun demons
  A fire crab (shapeshifter) (Vaults:4)
  6 shadow wraiths
  A goliath frog (Swamp:3)
  42 skeletal warriors
  3 iron trolls
  A sixfirhy (Swamp:4)
  4 unseen horrors
  A sea snake (shapeshifter) (Vaults:4)
  4 glowing orange brains
  8 spriggan druids
  37 deep trolls
  An infernal demonspawn (Zot:5)
  7 large abominations
  A death drake (shapeshifter) (Depths:5)
  A deep troll (shapeshifter) (Vaults:2)
  A bunyip skeleton (Crypt:2)
  5 bog bodies
  23 deep elf archers
  6 swamp dragons
  13 flayed ghosts
  5 wizards
  13 phantasmal warriors
  21 ironbrand convokers
  12 necromancers
  10 orc sorcerers
  43 ugly things
  4 harpies (Vaults:3)
  16 orb spiders
  A stone giant zombie (Vaults:4)
  13 orc knights
  11 cyclopes
  77 deep elf magi
  2 manticores (shapeshifter) (Vaults:4)
  2 will-o-the-wisps
  A salamander (Depths:1)
  24 wolf spiders
  18 moths of wrath
  An elephant (shapeshifter) (Vaults:4)
  An iron dragon skeleton (Crypt:3)
  A rust devil (Depths:4)
  A salamander (shapeshifter) (Depths:2)
  2 ice statues (IceCv)
  Joseph (Lair:1)
  An orange demon (Swamp:4)
  18 vault sentinels
  A naga mage (D:15)
  A smoke demon (Zot:2)
  2 black mambas
  A gargoyle (D:13)
  2 storm dragon simulacra
  2 torpor snails
  47 yaktaurs
  A hellion (Depths:4)
  6 cane toads
  2 komodo dragons
  A yaktaur (shapeshifter) (Depths:2)
  7 centaur skeletons
  2 rime drakes (Lair:2)
  5 guardian mummies (Tomb:1)
  2 komodo dragons (shapeshifter)
  8 hellwings
  9 ice devils (IceCv)
  8 demonic crawlers
  A redback zombie (Crypt:1)
  2 human skeletons
  A spriggan skeleton (Depths:2)
  2 tengu conjurers (Depths:5)
  A jumping spider (shapeshifter) (D:11)
  A merfolk (shapeshifter) (Vaults:5)
  A queen bee (shapeshifter) (Vaults:4)
  16 freezing wraiths
  2 meliai (shapeshifter)
  5 red devils (Depths:2)
  4 tyrant leeches
  21 jumping spiders
  A minotaur skeleton (Crypt:2)
  A wind drake (shapeshifter) (D:14)
  18 hornets
  A raiju (shapeshifter) (Vaults:4)
  4 trolls
  7 dream sheep (Lair:2)
  A satyr zombie (Crypt:1)
  35 slime creatures
  A slime creature (shapeshifter) (Vaults:4)
  A tengu simulacrum (Depths:2)
  3 blink frogs (Lair:1)
  A frost giant simulacrum (Depths:2)
  2 human simulacra (Vaults:3)
  An alligator skeleton (Tomb:1)
  60 flying skulls
  A centaur simulacrum (D:15)
  An ettin skeleton (Tomb:1)
  A vampire (D:15)
  7 shadows
  21 tarantellas
  58 redbacks
  A spriggan (shapeshifter) (Vaults:4)
  8 water elementals
  5 ushabtiu (Tomb:1)
  9 wraiths
  A wyvern (Lair:3)
  A yak (shapeshifter) (Vaults:4)
  A basilisk (Lair:2)
  Grum (D:8)
  18 yaks
  5 neqoxecs
  3 steam dragons
  6 fire elementals
  9 chaos spawn
  17 vampire mosquitoes
  A gelid demonspawn zombie (Crypt:1)
  A soldier ant (shapeshifter) (Vaults:4)
  A tengu zombie (Depths:2)
  16 swamp worms
  3 wargs
  2 soldier ants
  4 acid dragons
  7 water moccasins
  3 floating eyes
  2 ettin simulacra
  10 ice beasts
  42 orc warriors
  2 sky beasts
  2 black bears
  A black bear (shapeshifter) (Vaults:1)
  A sky beast (shapeshifter) (Vaults:1)
  An eye of draining (D:12)
  9 necrophages
  43 ogres
  22 centaurs
  An ogre (shapeshifter) (Elf:3)
  3 phantoms
  2 elf skeletons
  2 eyes of draining (shapeshifter)
  14 boggarts
  A snapping turtle skeleton (Crypt:1)
  6 wolves
  2 big kobolds
  A human zombie (Vaults:4)
  24 bullfrogs
  An earth elemental (Elf:3)
  A glowing shapeshifter simulacrum (Vaults:2)
  A water moccasin skeleton (Crypt:1)
  6 scorpions
  A polar bear zombie (Crypt:1)
  A queen bee zombie (Crypt:1)
  10 wights
  7 killer bees
  5 electric eels
  5 small abominations
  8 howler monkeys
  5 crimson imps
  3 bullfrog zombies
  9 centaur zombies
  3 jellies
  5 hounds
  28 orc priests
  33 orc wizards
  4 bullfrog skeletons
  Ijyb (D:5)
  6 iguanas
  11 worker ants
  2 ogre zombies
  A big kobold skeleton (Crypt:2)
  A demigod skeleton (Crypt:2)
  2 hound skeletons
  10 mummies (Tomb:1)
  A howler monkey zombie (D:8)
  A worker ant zombie (D:9)
  Robin (D:2)
  3 gnolls (D:9)
  8 adders
  10 white imps
  11 ufetubi
  An adder zombie (D:8)
  2 adder skeletons
  A worm (D:2)
  4 dart slugs
  4 leopard geckos
  134 orcs
  5 bats
  5 giant cockroaches
  11 goblins
  10 hobgoblins
  8 jackals
  11 kobolds
  2 quokkas
  A ball python zombie (D:5)
  A dart slug zombie (Crypt:2)
  3 frilled lizards
  A kobold skeleton (Crypt:3)
  A leopard gecko zombie (D:8)
  An orc zombie (Crypt:1)
  A quokka skeleton (D:5)
  A quokka zombie (Crypt:2)
  14 rats
2555 creatures vanquished.

Vanquished Creatures (collateral kills)
  2 Orb Guardians (Zot:5)
  A shadow dragon (Zot:5)
  A fire elemental (Elf:2)
4 creatures vanquished.

Vanquished Creatures (others)
  A quicksilver dragon (Zot:4)
  A draconian scorcher (Zot:1)
  A draconian shifter (Zot:4)
  2 reapers
  A yellow draconian (Zot:3)
  A white draconian (Zot:1)
  2 hydras (Swamp:4)
  A spriggan druid (Swamp:4)
  A deep elf mage (Tomb:1)
  A yaktaur (Depths:1)
  A hornet (Swamp:4)
  A redback (Spider:4)
  A tarantella (Spider:4)
  2 spriggans
  A swamp drake (Swamp:1)
  An ogre (Vaults:3)
  An orc priest (Depths:1)
  3 ufetubi (IceCv)
  An orc (Vaults:5)
  A bat skeleton (Crypt:1)
  9 foxfires
  6 fungi
  5 plants
45 creatures vanquished.

Grand Total: 2604 creatures vanquished

Notes
Turn   | Place    | Note
-------+----------+-------------------------------------------
     0 | D:1      | Marvel the Hill Orc Fighter began the quest for the Orb.
     0 | D:1      | Reached XP level 1. HP: 19/19 MP: 1/1
   125 | D:1      | Reached XP level 2. HP: 27/27 MP: 2/2
   650 | D:1      | Reached XP level 3. HP: 33/33 MP: 3/3
  1263 | D:2      | Noticed Robin
  1433 | D:2      | Found an ornate altar of the Wu Jian Council.
  1434 | D:2      | Found an iron altar of Okawaru.
  1516 | D:2      | Reached XP level 4. HP: 40/40 MP: 4/4
  1678 | D:2      | Killed Robin
  2228 | D:3      | Reached XP level 5. HP: 45/46 MP: 5/5
  2267 | D:2      | Reached skill level 5 in Axes
  2628 | D:3      | Reached XP level 6. HP: 25/53 MP: 6/6
  3264 | D:2      | Became a worshipper of Warmaster Okawaru
  3569 | D:4      | Found a hazy altar of Hepliaklqana.
  3797 | D:4      | Reached skill level 1 in Throwing
  4015 | D:5      | Entered Level 5 of the Dungeon
  4162 | D:5      | Noticed Ijyb
  4164 | D:5      | Paralysed by Ijyb for 5 turns
  4173 | D:5      | Killed Ijyb
  4173 | D:5      | Reached * piety under Okawaru
  4174 | D:5      | Reached XP level 7. HP: 52/60 MP: 7/7
  4400 | D:5      | Found a sacrificial altar of Ru.
  4493 | D:5      | Got a masterwork leather armour
  4504 | D:5      | Identified the +2 leather armour "Miboosa" {Regen+ Dex+3}
                  | (You found it on level 5 of the Dungeon)
  4896 | D:6      | Reached skill level 5 in Fighting
  4930 | D:6      | HP: 4/91 [poisoned by a scorpion]
  5181 | D:6      | Reached skill level 1 in Dodging
  5218 | D:6      | Reached XP level 8. HP: 30/68 MP: 8/8
  5753 | D:6      | Reached ** piety under Okawaru
  5754 | D:6      | Reached skill level 5 in Armour
  5884 | D:6      | Reached skill level 5 in Shields
  5929 | D:6      | Found a shimmering blue altar of Sif Muna.
  5957 | D:6      | Reached skill level 10 in Axes
  6202 | D:7      | Reached XP level 9. HP: 54/75 MP: 9/9
  6344 | D:7      | Found a staircase to the Ecumenical Temple.
  6370 | D:7      | Found the +9 scales of the Dragon King {rPois rF+ rC+
                  | Will+}
  6859 | D:7      | Reached *** piety under Okawaru
  6885 | D:7      | Found Uddiunn's Antique Armour Emporium.
  6890 | D:7      | Bought a glowing kite shield for 232 gold pieces
  7182 | D:7      | Found an opulent altar of Gozag.
  7528 | D:8      | Noticed Grum
  7538 | D:8      | Killed Grum
  7538 | D:8      | Reached **** piety under Okawaru
  7709 | D:8      | Found Suixopu's Jewellery Shop.
  7817 | D:8      | Reached XP level 10. HP: 86/86 MP: 10/10
  7846 | D:8      | Found a glowing golden altar of the Shining One.
  7908 | D:8      | Found a hide-covered altar of Uskayaw.
  7929 | D:8      | Found a bloodstained altar of Trog.
  7961 | D:8      | Found a sacrificial altar of Ru.
  8311 | D:9      | Noticed a cyclops
  8323 | D:9      | Killed a cyclops
  8487 | D:9      | Reached ***** piety under Okawaru
  8960 | D:9      | Found a shimmering altar of Xom.
  8960 | D:9      | Found a burning altar of Makhleb.
  8978 | D:9      | Found a staircase to the Lair.
  9159 | D:9      | Received a gift from Okawaru
  9275 | D:10     | Entered Level 10 of the Dungeon
  9348 | D:10     | Noticed Snorg
  9377 | D:10     | Killed Snorg
  9602 | D:10     | Found a staircase to the Orcish Mines.
  9614 | D:10     | Found a roughly hewn altar of Beogh.
  9824 | D:10     | Noticed Harold
  9843 | D:10     | Killed Harold
  9844 | D:10     | Reached XP level 11. HP: 88/97 MP: 11/11
 10168 | D:10     | Found a burning altar of Makhleb.
 10223 | D:10     | Received a gift from Okawaru
 10333 | D:10     | Found a portal to a secret trove of treasure.
 10758 | D:11     | Noticed a purple ugly thing
 10768 | D:11     | Killed a purple ugly thing
 10769 | D:11     | Reached skill level 15 in Axes
 10835 | D:11     | Noticed a cyclops
 10842 | D:11     | Killed a cyclops
 11135 | D:11     | Noticed a boulder beetle
 11156 | D:11     | Killed a boulder beetle
 11156 | D:11     | Reached ****** piety under Okawaru
 11552 | D:12     | Noticed a cyclops
 11591 | D:12     | Reached skill level 10 in Fighting
 11592 | D:12     | Received a gift from Okawaru
 11647 | D:12     | Noticed a white ugly thing
 11657 | D:12     | Killed a white ugly thing
 11677 | D:12     | Received a gift from Okawaru
 11886 | D:12     | Noticed a cyclops
 12032 | D:11     | Killed a cyclops
 12199 | D:12     | Killed a cyclops
 12200 | D:12     | Reached XP level 12. HP: 106/106 MP: 12/12
 12645 | D:13     | Received a gift from Okawaru
 12829 | D:13     | Reached skill level 10 in Shields
 12866 | D:13     | Noticed a vault guard
 12866 | D:13     | Noticed a centaur warrior
 12878 | D:13     | Noticed a vault guard
 12880 | D:13     | Noticed a vault guard
 12884 | D:13     | Noticed a vault guard
 12886 | D:13     | Noticed a vault guard
 12892 | D:13     | Noticed a five-headed hydra
 12913 | D:12     | Killed a vault guard
 13153 | D:13     | Found Bimut's Antique Weapon Shop.
 13542 | D:13     | Noticed a vault guard
 13542 | D:13     | Noticed a vault guard
 13555 | D:13     | Killed a vault guard
 13555 | D:13     | Received a gift from Okawaru
 13577 | D:13     | Killed a vault guard
 13581 | D:13     | Killed a vault guard
 13807 | D:13     | Found a gate to the Vaults.
 13810 | D:13     | Found Mupt's Distillery.
 13818 | D:13     | Bought a potion of berserk rage for 85 gold pieces
 13818 | D:13     | Bought a potion of resistance for 170 gold pieces
 13818 | D:13     | Bought a potion of ambrosia for 136 gold pieces
 13844 | D:13     | Killed a centaur warrior
 13877 | D:13     | Killed a vault guard
 13877 | D:13     | Received a gift from Okawaru
 13878 | D:13     | Reached XP level 13. HP: 112/116 MP: 13/13
 13902 | D:13     | Killed a vault guard
 13906 | D:13     | Killed a vault guard
 14041 | D:13     | Noticed a vault guard
 14056 | D:13     | Killed a vault guard
 14537 | D:13     | Reached skill level 1 in Evocations
 14830 | D:14     | Received a gift from Okawaru
 14857 | D:14     | Got a warped demon blade {god gift}
 14858 | D:14     | Identified the +7 demon blade "Sedobil" {freeze, +Blink
                  | +Fly rC+ Int-3} (Okawaru gifted it to you on level 14 of
                  | the Dungeon)
 15175 | D:14     | Received a gift from Okawaru
 15536 | D:14     | Noticed a fire dragon
 15548 | D:14     | Killed a fire dragon
 15606 | D:15     | Entered Level 15 of the Dungeon
 15619 | D:15     | Received a gift from Okawaru
 16008 | D:15     | Reached XP level 14. HP: 90/127 MP: 14/14
 16061 | D:15     | Found a frozen archway.
 16071 | D:15     | Received a gift from Okawaru
 16079 | IceCv    | Entered an ice cave
 16173 | IceCv    | Reached skill level 1 in Invocations
 16207 | IceCv    | Killed a reaper
 16293 | IceCv    | Received a gift from Okawaru
 17358 | D:15     | Reached skill level 10 in Armour
 17362 | D:15     | Found a staircase to the Depths.
 17783 | Lair:1   | Entered Level 1 of the Lair of Beasts
 18425 | Lair:1   | Noticed Sonja
 18432 | Lair:1   | Killed Sonja
 18590 | Lair:1   | Noticed Joseph
 18594 | Lair:1   | Killed Joseph
 18594 | Lair:1   | Received a gift from Okawaru
 18595 | Lair:1   | Got a transparent crystal plate armour {god gift}
 18597 | Lair:1   | Identified the +12 crystal plate armour of Weightlessness
                  | {Harm Int+2} (Okawaru gifted it to you on level 1 of the
                  | Lair of Beasts)
 19353 | Lair:2   | Found a staircase to the Swamp.
 20223 | Lair:3   | Noticed Nergalle
 20233 | Lair:3   | Killed Nergalle
 20234 | Lair:3   | Reached XP level 15. HP: 124/137 MP: 15/15
 20288 | Lair:3   | Identified Seull's Incunabulum of Mutagenic Contamination
 20588 | Lair:3   | Found a hole to the Spider Nest.
 20710 | Spider:1 | Entered Level 1 of the Spider Nest
 20727 | Spider:1 | Received a gift from Okawaru
 21392 | Spider:1 | Found a large runed translucent door.
 21392 | Spider:1 | Found a large runed translucent door.
 21393 | Spider:1 | Noticed Rod Caur's ghost (adept HOFi)
 21416 | Spider:1 | Killed Rod Caur's ghost
 21822 | Spider:2 | Received a gift from Okawaru
 22035 | Spider:2 | Received a gift from Okawaru
 22687 | Spider:2 | Killed a ghost moth
 22705 | Spider:2 | Killed a ghost moth
 23148 | Spider:3 | Noticed Arachne
 23158 | Spider:3 | Received a gift from Okawaru
 23169 | Spider:3 | Killed Arachne
 23669 | Spider:3 | Noticed an emperor scorpion
 23695 | Spider:3 | Killed an emperor scorpion
 24428 | Spider:4 | Entered Level 4 of the Spider Nest
 24526 | Spider:4 | Received a gift from Okawaru
 24542 | Spider:4 | Reached skill level 15 in Fighting
 24556 | Spider:4 | Noticed an emperor scorpion
 24583 | Spider:4 | Killed an emperor scorpion
 24588 | Spider:4 | Noticed an emperor scorpion
 24616 | Spider:4 | Killed an emperor scorpion
 24616 | Spider:4 | Received a gift from Okawaru
 24625 | Spider:4 | Got a pair of masterwork gloves {god gift}
 24631 | Spider:4 | Identified the -1 pair of gloves of Uwkudab {SInv} (Okawaru
                  | gifted it to you on level 4 of the Spider Nest)
 24658 | Spider:4 | Reached XP level 16. HP: 133/149 MP: 17/17
 25336 | Spider:4 | Reached skill level 15 in Shields
 25393 | Spider:4 | Received a gift from Okawaru
 26548 | Spider:4 | Received a gift from Okawaru
 26961 | Spider:4 | Got a gossamer rune of Zot
 27327 | Spider:4 | Noticed Nikola
 27352 | Spider:4 | Killed Nikola
 28199 | Swamp:1  | Entered Level 1 of the Swamp
 28266 | Swamp:1  | Reached XP level 17. HP: 101/159 MP: 19/19
 28602 | Swamp:1  | Received a gift from Okawaru
 28832 | Swamp:1  | Found a bloodstained altar of Trog.
 30596 | Swamp:3  | Received a gift from Okawaru
 31003 | Swamp:4  | Entered Level 4 of the Swamp
 31626 | Swamp:4  | Received a gift from Okawaru
 31629 | Swamp:4  | Got a masterwork plate armour {god gift}
 32009 | Swamp:4  | Reached XP level 18. HP: 112/171 MP: 20/20
 32880 | Swamp:4  | Got a decaying rune of Zot
 33405 | Vaults:1 | Entered Level 1 of the Vaults
 33504 | Vaults:1 | Received a gift from Okawaru
 33526 | Vaults:1 | Received a gift from Okawaru
 33527 | Vaults:1 | Found the +14 obsidian axe {vorpal, +Fly SInv *Curse}
 33787 | Vaults:1 | Received a gift from Okawaru
 33820 | Vaults:1 | Got a glimmering executioner's axe {god gift}
 33878 | D:13     | Identified the +4 plate armour of Freedom {Rampage +Fly}
                  | (Okawaru gifted it to you on level 4 of the Swamp)
 33894 | D:13     | Identified the +8 executioner's axe of Chance {chaos, +Rage
                  | rElec rPois Int-5} (Okawaru gifted it to you on level 1 of
                  | the Vaults)
 34124 | Vaults:1 | Received a gift from Okawaru
 34125 | Vaults:1 | Reached skill level 15 in Armour
 34217 | Vaults:1 | Paralysed by an ogre mage for 5 turns
 34277 | Vaults:1 | Received a gift from Okawaru
 34278 | Vaults:1 | Got a brightly glowing hand axe {god gift}
 34279 | Vaults:1 | Identified the +6 hand axe "Funa" {vorpal, Will+ Int+3}
                  | (Okawaru gifted it to you on level 1 of the Vaults)
 35277 | Vaults:2 | Reached XP level 19. HP: 163/183 MP: 21/21
 35607 | Vaults:2 | Received a gift from Okawaru
 36232 | Vaults:2 | Found a transporter.
 36247 | Vaults:2 | Found a transporter.
 36252 | Vaults:2 | Noticed a lich
 36261 | Vaults:2 | Killed a lich
 36763 | Vaults:2 | Received a gift from Okawaru
 36891 | Vaults:2 | Received a gift from Okawaru
 37279 | Vaults:2 | Got a warped hat
 37290 | Vaults:2 | Identified the cursed +0 hat "Kaeny" {Will- Int+4 Dex+3}
                  | (You found it on level 2 of the Vaults)
 38214 | Vaults:3 | Received a gift from Okawaru
 38287 | Vaults:3 | Reached XP level 20. HP: 177/195 MP: 22/22
 38629 | Vaults:3 | Found a staircase to the Crypt.
 38995 | Vaults:3 | Received a gift from Okawaru
 39173 | Vaults:3 | Found Yrghubul's Armour Boutique.
 39384 | Vaults:3 | Received a gift from Okawaru
 39386 | Vaults:3 | Got a warped falchion {god gift}
 39395 | Vaults:3 | Identified the +7 falchion "Buxum" {vorpal, rF- Will+ Int+3
                  | Dex+3} (Okawaru gifted it to you on level 3 of the Vaults)
 40174 | Vaults:4 | Received a gift from Okawaru
 40368 | Vaults:4 | Reached XP level 21. HP: 197/209 MP: 24/24
 40546 | Vaults:4 | Identified the +6 lajatang "Vapatwee" {vamp, Fragile rN+
                  | Int+4}
 40547 | Vaults:4 | Found a runed translucent gate.
 40547 | Vaults:4 | Found a runed translucent gate.
 40547 | Vaults:4 | Noticed Eldin's ghost (veteran DEWz)
 40548 | Vaults:4 | Found a runed translucent gate.
 40550 | Vaults:4 | Identified the cursed +0 great mace of Doom {pain, rPois
                  | rF+++ Str+2 Dex-3}
 40550 | Vaults:4 | Identified the +3 chain mail of the Will of the Gods {SInv}
 40596 | Vaults:4 | Killed Eldin's ghost
 40596 | Vaults:4 | Received a gift from Okawaru
 40642 | Vaults:4 | Received a gift from Okawaru
 40650 | Vaults:4 | Got a twisted hand axe {god gift}
 40651 | Vaults:4 | Identified the +8 hand axe of Pewk {flame, rElec rPois rN+
                  | Int-5} (Okawaru gifted it to you on level 4 of the Vaults)
 40726 | Vaults:4 | Found a roughly hewn altar of Beogh.
 40828 | Vaults:4 | Got a smoking ivory amulet
 40829 | Vaults:4 | Identified the amulet of the Spinneret {Inacc rC+ Str+4
                  | Int+2} (You found it on level 4 of the Vaults)
 41475 | Vaults:5 | Entered Level 5 of the Vaults
 41485 | Vaults:5 | Noticed Mennas
 41584 | Vaults:4 | Received a gift from Okawaru
 41587 | Vaults:4 | Got a bloodstained war axe {god gift}
 41590 | Vaults:4 | Identified the +10 war axe "Iwkeg" {flame, rF+} (Okawaru
                  | gifted it to you on level 4 of the Vaults)
 41915 | Vaults:4 | Killed Mennas
 42265 | Vaults:4 | Received a gift from Okawaru
 42924 | Vaults:4 | Reached skill level 27 in Axes
 43186 | Vaults:4 | Reached XP level 22. HP: 154/221 MP: 23/25
 43191 | Vaults:4 | Reached skill level 5 in Invocations
 44057 | Vaults:5 | Noticed a golden dragon
 44201 | Vaults:4 | Killed a golden dragon
 44201 | Vaults:4 | Received a gift from Okawaru
 44495 | Vaults:5 | Paralysed by a great orb of eyes for 2 turns
 45209 | Vaults:5 | Got a transparent cloak
 45220 | Vaults:5 | Identified the cursed +0 cloak of Imperfection {Rampage rC-
                  | Regen+ Dex+5} (You found it on level 5 of the Vaults)
 45652 | Vaults:5 | Received a gift from Okawaru
 45653 | Vaults:5 | Got a scorched broad axe {god gift}
 45654 | Vaults:5 | Identified the +10 broad axe of Senuegit {antimagic,
                  | Fragile +Rage rPois} (Okawaru gifted it to you on level 5
                  | of the Vaults)
 45778 | Vaults:5 | Identified the Handbook of Frigorific Evil Rites
 45788 | Vaults:5 | Got a silver rune of Zot
 46404 | Orc:1    | Entered Level 1 of the Orcish Mines
 46524 | Orc:2    | Entered Level 2 of the Orcish Mines
 46780 | Orc:2    | Found Zynisk's General Store.
 46783 | Orc:2    | Bought a scroll of summoning for 123 gold pieces
 47020 | Orc:2    | Found Zilileu's Antique Armour Boutique.
 47021 | Orc:2    | Found a roughly hewn altar of Beogh.
 47022 | Orc:2    | Found Gaam's Antique Weapon Shop.
 47103 | Orc:2    | Found a staircase to the Elven Halls.
 47208 | Orc:2    | Found a roughly hewn altar of Beogh.
 47243 | Orc:2    | Found a roughly hewn altar of Beogh.
 47300 | Orc:2    | Found a roughly hewn altar of Beogh.
 47301 | Orc:2    | Found Toeh's Antique Weapon Boutique.
 47346 | Orc:2    | Found a roughly hewn altar of Beogh.
 47359 | Orc:2    | Found Secilem's Distillery.
 47366 | Orc:2    | Bought a potion of mutation for 112 gold pieces
 47366 | Orc:2    | Bought a potion of heal wounds for 70 gold pieces
 47366 | Orc:2    | Bought a potion of curing for 42 gold pieces
 47366 | Orc:2    | Bought a potion of resistance for 140 gold pieces
 47366 | Orc:2    | Bought a potion of ambrosia for 112 gold pieces
 47513 | Elf:1    | Entered Level 1 of the Elven Halls
 47767 | Elf:1    | Found a shimmering altar of Xom.
 47832 | Elf:1    | Reached XP level 23. HP: 234/234 MP: 27/27
 47869 | Elf:1    | Received a gift from Okawaru
 48500 | Elf:2    | Noticed Asterion
 48518 | Elf:2    | Killed Asterion
 48917 | Elf:2    | Found a one-way gate to the infinite horrors of the Abyss.
 48917 | Elf:2    | Noticed wjchen's ghost (adept MiFi)
 48928 | Elf:2    | Identified the +4 rapier of the Undead {distort, rN+++
                  | Int+2 SInv Stlth-}
 48944 | Elf:2    | Found a transporter.
 49011 | Elf:2    | Found a transporter.
 49116 | Elf:2    | Received a gift from Okawaru
 49181 | Elf:2    | Found a huge runed translucent gate.
 49181 | Elf:2    | Found a huge runed translucent gate.
 49181 | Elf:2    | Found a huge runed translucent gate.
 49181 | Elf:2    | Found a huge runed translucent gate.
 49181 | Elf:2    | Found a huge runed translucent gate.
 49446 | Elf:2    | Noticed Jorgrun
 49454 | Elf:2    | Killed Jorgrun
 49454 | Elf:2    | Received a gift from Okawaru
 49838 | Elf:3    | Entered Level 3 of the Elven Halls
 50028 | Elf:3    | Received a gift from Okawaru
 50339 | Elf:3    | Identified the +8 quarterstaff of Law {drain, +Rage rElec
                  | rPois Str-3}
 50931 | Elf:3    | Received a gift from Okawaru
 51143 | Elf:3    | Identified the cursed +1 leather armour "Raipohem" {Dex+2}
 51983 | Elf:3    | Identified the +4 great sword "Giocon" {elec, +Inv rC-
                  | Int+4}
 52001 | Elf:3    | Identified Fummini's Theurgy, Part Three
 52004 | Elf:3    | Identified the Catalogue of Cloudy Cold
 52006 | Elf:3    | Identified the Disquisition on Ice
 52009 | Elf:3    | Identified the Catalogue of Floating Combat Magic
 52043 | Elf:3    | Received a gift from Okawaru
 52088 | Elf:3    | Got an ancient helmet
 52099 | Elf:3    | Identified the +2 helmet of Whack-A-Mole {rElec rC+ Will-
                  | SInv} (You found it on level 3 of the Elven Halls)
 52152 | Elf:3    | Identified Zuryrr's Incunabulum of Earthen Evil
 52475 | Elf:3    | Reached XP level 24. HP: 245/245 MP: 28/28
 52831 | Crypt:1  | Entered Level 1 of the Crypt
 53078 | Temple   | Entered the Ecumenical Temple
 53196 | D:8      | Fell from the grace of Okawaru
 53196 | D:8      | Became a worshipper of the Shining One
 53558 | Crypt:1  | Reached * piety under the Shining One
 53716 | Crypt:1  | Reached ** piety under the Shining One
 53757 | Crypt:1  | Reached *** piety under the Shining One
 53979 | Crypt:1  | Reached **** piety under the Shining One
 54276 | Crypt:2  | Reached ***** piety under the Shining One
 54340 | Crypt:2  | Reached ****** piety under the Shining One
 54683 | Crypt:3  | Entered Level 3 of the Crypt
 54780 | Crypt:3  | Reached skill level 27 in Fighting
 54992 | Crypt:3  | Found an ancient bone altar of Kikubaaqudgha.
 55283 | Crypt:3  | Reached skill level 10 in Invocations
 55291 | Crypt:3  | Reached XP level 25. HP: 247/257 MP: 30/30
 55510 | Crypt:3  | Identified Vinta's Papyrus of Fiery Venom
 55549 | Crypt:3  | Found a staircase to the Tomb.
 55549 | Crypt:3  | Noticed an ancient lich
 55558 | Crypt:3  | Killed an ancient lich
 55599 | Crypt:3  | Identified the Incunabulum of Sinister Arts
 55851 | Tomb:1   | Entered Level 1 of the Tomb of the Ancients
 56082 | Tomb:1   | Noticed Sojobo
 56115 | Tomb:1   | Killed Sojobo
 58017 | Depths:1 | Entered Level 1 of the Depths
 58081 | Depths:1 | Found a gateway to Hell.
 58143 | Depths:1 | Found Golapepo's Jewellery Shoppe.
 58170 | Depths:1 | Found a flickering gateway to a bazaar.
 58179 | Bazaar   | Entered a bazaar
 58179 | Bazaar   | Found Fopacig's Distillery.
 58179 | Bazaar   | Found Vorisiar's Magic Scroll Boutique.
 58184 | Bazaar   | Bought a potion of haste for 120 gold pieces
 58194 | Bazaar   | Bought a scroll of teleportation for 30 gold pieces
 58194 | Bazaar   | Bought a scroll of enchant armour for 75 gold pieces
 58194 | Bazaar   | Bought a scroll of fog for 20 gold pieces
 58194 | Bazaar   | Bought a scroll of fog for 20 gold pieces
 58203 | Bazaar   | Found Wafeum's Weapon Boutique.
 58252 | Bazaar   | Found Xuntee's Weapon Shop.
 58478 | Depths:1 | Was forgiven by Okawaru
 58507 | Depths:1 | HP: 4/257 [black draconian/bolt of lightning[the fury of
                  | Okawaru] (38)]
 58508 | Depths:1 | Found Unkomizu's Distillery.
 58772 | Depths:1 | Bought a potion of curing for 72 gold pieces
 58772 | Depths:1 | Bought a potion of heal wounds for 120 gold pieces
 58772 | Depths:1 | Bought a potion of haste for 240 gold pieces
 59227 | Depths:1 | Found a shimmering altar of Xom.
 59276 | Depths:1 | Noticed Saint Roka
 59297 | Depths:1 | Killed Saint Roka
 59600 | Depths:2 | Found a one-way gate leading to the halls of Pandemonium.
 59771 | Depths:2 | Reached XP level 26. HP: 214/266 MP: 31/31
 60061 | Depths:2 | Paralysed by a floating eye for 4 turns
 60068 | Depths:2 | Found a gateway to a ziggurat.
 60068 | Depths:2 | Paralysed by a floating eye for 4 turns
 60209 | Depths:3 | Noticed Jory
 60232 | Depths:3 | Killed Jory
 60476 | Depths:3 | Reached skill level 5 in Throwing
 60608 | Depths:3 | You fall into a shaft and drop 1 floor!
 60610 | Depths:4 | Paralysed by a floating eye for 2 turns
 60730 | Depths:4 | Noticed Louise
 60753 | Depths:4 | Killed Louise
 60897 | Depths:4 | Gained mutation: You are clumsy. (Dex -2) [a neqoxec]
 61322 | Depths:4 | Found the +10 zealot's sword {holy, *Rage rN+ EV+3}
 61782 | Depths:5 | Entered Level 5 of the Depths
 61938 | Depths:4 | Reached XP level 27. HP: 251/273 MP: 31/32
 62006 | Depths:5 | Found Couz Gawnoe's Antique Weapon Boutique.
 62305 | Depths:5 | Found a gate to the Realm of Zot.
 62865 | Zot:1    | Entered Level 1 of the Realm of Zot
 63000 | Zot:1    | Identified a scroll of acquirement
 63000 | Zot:1    | Acquired the ring "Urghirch" {rElec Will+ rCorr Str+2}
 65561 | Zot:3    | Identified the +5 scythe of Guilt {flame, *Corrode rPois
                  | Int+4 Dex+4}
 65562 | Zot:3    | Identified the +4 dragonskin cloak
 65562 | Zot:3    | Noticed Tiamat
 65717 | Zot:3    | Reached skill level 27 in Shields
 65739 | Zot:3    | Killed Tiamat
 66309 | Zot:3    | Reached skill level 15 in Invocations
 67372 | Zot:5    | Entered Level 5 of the Realm of Zot
 67372 | Zot:5    | Noticed an ancient lich
 67376 | Zot:5    | Noticed an ancient lich
 67376 | Zot:5    | Noticed an orb of fire
 67377 | Zot:5    | Noticed an orb of fire
 67380 | Zot:5    | Gained mutation: You tend to lose your temper in combat.
                  | [an orb of fire]
 67390 | Zot:5    | Gained mutation: Your spells are a little easier to cast,
                  | but a little less powerful. [an orb of fire]
 67390 | Zot:5    | Noticed an ancient lich
 67391 | Zot:5    | Killed an ancient lich
 67396 | Zot:5    | Gained mutation: Your spells are easier to cast, but less
                  | powerful. [an orb of fire]
 67878 | Zot:5    | Killed an ancient lich
 68011 | Zot:5    | Noticed an orb of fire
 68029 | Zot:5    | Killed an orb of fire
 68274 | Zot:5    | Noticed an orb of fire
 68276 | Zot:5    | Killed an ancient lich
 68277 | Zot:5    | Noticed an orb of fire
 68281 | Zot:5    | Noticed an orb of fire
 68285 | Zot:5    | Gained mutation: You are very clumsy. (Dex -4) [an orb of
                  | fire]
 68291 | Zot:5    | Noticed an ancient lich
 68298 | Zot:5    | Killed an orb of fire
 68298 | Zot:5    | Noticed an orb of fire
 68306 | Zot:5    | Gained mutation: You are dopey. (Int -2) [an orb of fire]
 68307 | Zot:5    | Killed an orb of fire
 68316 | Zot:5    | Killed an orb of fire
 68316 | Zot:5    | Noticed an orb of fire
 68320 | Zot:5    | Killed an ancient lich
 68326 | Zot:5    | Gained mutation: Your body sometimes deteriorates upon
                  | taking damage. [an orb of fire]
 68331 | Zot:5    | Killed an orb of fire
 68345 | Zot:5    | Killed an orb of fire
 68466 | Zot:5    | Lost mutation: You are dopey. (Int -2) [potion of mutation]
 68466 | Zot:5    | Lost mutation: You tend to lose your temper in combat.
                  | [potion of mutation]
 68466 | Zot:5    | Lost mutation: Your spells are easier to cast, but less
                  | powerful. [potion of mutation]
 68466 | Zot:5    | Gained mutation: Your magical capacity is low. (-10% MP)
                  | [potion of mutation]
 68466 | Zot:5    | Gained mutation: You are partially covered in rugged brown
                  | scales. (AC +1, +3% HP) [potion of mutation]
 68467 | Zot:5    | Lost mutation: Your spells are a little easier to cast, but
                  | a little less powerful. [potion of mutation]
 68467 | Zot:5    | Lost mutation: Your magical capacity is low. (-10% MP)
                  | [potion of mutation]
 68467 | Zot:5    | Lost mutation: You are very clumsy. (Dex -4) [potion of
                  | mutation]
 68467 | Zot:5    | Gained mutation: You are surrounded by a mild repulsion
                  | field. (EV +2) [potion of mutation]
 68467 | Zot:5    | Gained mutation: Your muscles are strong. (Str +2) [potion
                  | of mutation]
 68467 | Zot:5    | Gained mutation: You passively map a small area around you.
                  | [potion of mutation]
 68467 | Zot:5    | Gained mutation: You passively map the area around you.
                  | [potion of mutation]
 68532 | Zot:5    | Gained mutation: You are occasionally teleported next to
                  | monsters. [an orb of fire]
 68540 | Zot:5    | Gained mutation: Scrolls take you a little longer to read.
                  | [an orb of fire]
 68542 | Zot:5    | Gained mutation: You are frail. (-10% HP) [an orb of fire]
 68547 | Zot:5    | Killed an orb of fire
 68549 | Zot:5    | Lost mutation: Your body sometimes deteriorates upon taking
                  | damage. [potion of mutation]
 68549 | Zot:5    | Lost mutation: You are frail. (-10% HP) [potion of
                  | mutation]
 68549 | Zot:5    | Lost mutation: You are occasionally teleported next to
                  | monsters. [potion of mutation]
 68549 | Zot:5    | Lost mutation: Scrolls take you a little longer to read.
                  | [potion of mutation]
 68549 | Zot:5    | Gained mutation: You are partially covered in icy blue
                  | scales. (AC +2) [potion of mutation]
 68549 | Zot:5    | Gained mutation: You have large cloven feet. [potion of
                  | mutation]
 68792 | Zot:5    | Got the Orb of Zot
 68828 | Zot:4    | Noticed an ancient lich
 68838 | Zot:4    | Killed an ancient lich
 69176 | D:11     | Noticed Otwy Hoss the pandemonium lord
 69363 | D:$      | Escaped with the Orb!

Illustrated notes

Levels and vault maps discovered:
D:1:      evilmike_arrival_rings, layout_basic, serial_glass, glass_columns_c,
          glass_columns_a
D:2:      layout_basic, nicolae_overflow_hidden_temple, uniq_robin
D:3:      layout_rooms
D:4:      layout_basic, kennysheep_mini
D:5:      layout_loops_ring, lemuel_doored_altar, uniq_ijyb
D:6:      kennysheep_orc_sif_temple, layout_basic, serial_park_tiny_1
D:7:      layout_layer_cave, lemuel_round_altar, minmay_temple_entry_waves,
          serial_shops, shop, grunt_ogre_cave
D:8:      layout_gridville, overflow_temple_1_default, kennysheep_little_box,
          nicolae_tso_swordbearing_angel, serial_shops, shop_fountains,
          basic_altar, uniq_grum
D:9:      layout_irregular_city, grunt_temple_overflow_champion_of_chaos,
          lair_entry_dummy, lightli_orcish_oven
D:10:     layout_roguey, minmay_orc_entry_temple_small,
          nicolae_trove_entry_isolated, amcnicky_altar_gilded, uniq_snorg,
          uniq_harold
D:11:     layout_roguey
D:12:     layout_rooms
D:13:     nooodl_glass_maze, layout_basic, erik_vaults_2, serial_glass,
          glass_columns_a, glass_columns_a, serial_shops,
          nicolae_shop_competitors_out_of_business, shop, grunt_ministairs_12
D:14:     layout_rooms, corexii_corridor_pit
D:15:     grunt_enter_depths_magical_seal, layout_basic, dk_noncrumbling_2,
          portal_ice_cave_entry_ice_beasts
Temple:   minmay_temple_bridge_abc
Lair:1:   layout_loops_ring, infiniplex_staircase_pool, uniq_sonja, uniq_joseph
Lair:2:   layout_gridlike, palyth_hydra_swamp_entry, grunt_megastairs_4
Lair:3:   layout_loops_ring, spider_nest_entry_webs, serial_rivers,
          chequers_serial_rivers_micro_d, chequers_serial_rivers_small_3,
          chequers_serial_rivers_large_b, chequers_serial_rivers_micro_a,
          lemuel_fruit_tree, uniq_nergalle
Swamp:1:  layout_basic_swamp, basic_altar, swamp_pool1
Swamp:2:  layout_basic_swamp, evilmike_swamp_ruin_rubble_2
Swamp:3:  layout_basic_swamp, hangedman_swamp_lotus
Swamp:4:  nzn_swamp_witches_coven, layout_basic_swamp, swamp_pool4
Spider:1: layout_spider_delve, ebering_ghost_disaster_area
Spider:2: layout_spider_delve
Spider:3: layout_spider_delve, uniq_arachne
Spider:4: grunt_spider_rune_circles, uniq_nikola
Orc:1:    layout_caves
Orc:2:    grunt_orc_community_town_hall, layout_diamond_mine,
          grunt_orc_community_big_house_2, grunt_orc_community_big_house_1,
          grunt_orc_community_house_3, grunt_orc_community_house_2,
          grunt_orc_community_house_2, grunt_orc_community_house_1,
          grunt_orc_community_house_1, grunt_orc_community_house_1,
          serial_shops, nicolae_shop_behind_doors
Elf:1:    eino_elf_arrival_sip, layout_loops_ring, basic_altar, minivault_28,
          drop_trap
Elf:2:    layout_gridlike, gammafunk_ghost_abyssal_escape, uniq_asterion,
          uniq_jorgrun
Elf:3:    minmay_elf_hall_furrowed, layout_onion_city, uniq_louise
Vaults:1: ontoclasm_vaults_bender, v_misc_3, vaults_room_stairs_pillars,
          vaults_mumra_chevron, nicolae_vaults_network_square,
          vaults_standard_mumra_x, ontoclasm_vaults_shuriken,
          vaults_dpeg_diagonal, nicolae_vaults_circle_grid_b,
          vaults_room_corners, nicolae_vaults_mini_display_case,
          vaults_room_grunt_arrival_ludios, v_misc_17, layout_vaults_ring
Vaults:2: hangedman_vaults_corner, vaults_dpeg_cross, v_misc_5,
          gammafunk_the_bubble [the_bubble_gammafunk_crates], serial_ice_m,
          nicolae_vaults_triangles, ontoclasm_vaults_chip,
          nicolae_vaults_angled_halls, grunt_vaults_diagonal,
          nicolae_vaults_windows_and_doors_thing, vaults_dpeg_encased_lava,
          nicolae_vaults_little_squares_4, ontoclasm_vaults_fault,
          nicolae_vaults_shelves_hall, layout_vaults_omnicross
Vaults:3: v_misc_16, minmay_crypt_entry_simple_box,
          nicolae_vaults_twisting_passages, nicolae_vaults_alarming,
          vaults_dpeg_hooks, ontoclasm_vaults_twist, nicolae_vaults_little_ls,
          hangedman_vaults_river_flow, hangedman_vaults_capsules,
          dpeg_vaults_monster_box, nicolae_vaults_network_star,
          nicolae_vaults_little_squares_6, nicolae_vaults_little_squares_5,
          layout_vaults_big_room
Vaults:4: biasface_vaults_ghost_orc_armoury, grunt_vaults_twisty,
          hangedman_vaults_stagger, st_diamondy, v_misc_26, v_misc_25,
          nicolae_vaults_theta, v_misc_1, hangedman_vaults_variations,
          vaults_room_grunt_arrival_checkpoint, v_misc_16,
          nicolae_vaults_specimen_jars, vaults_room_stairs_pillars,
          vaults_dpeg_ring, layout_vaults_maze
Vaults:5: uniq_mennas
Crypt:1:  layout_misc_corridors, roderic_lattice_octagonal_star
Crypt:2:  layout_rooms, evilmike_ambush [evilmike_ambush_outer_basic,
          evilmike_ambush_inner_pond]
Crypt:3:  grunt_crypt_end_deaths_head
Tomb:1:   uniq_sojobo
Depths:1: layout_cave_pools, hell_entry, bh_walls_and_bars, serial_shops,
          bzr_entry_water, shop, shop, abyss_entry_crystal,
          grunt_decor_arrowhead, minmay_strange_pillars, tgw_xom,
          uniq_saint_roka
Depths:2: evilmike_library_of_no_secrets, layout_basic, enter_ziggurat_b,
          abyss_entry, hellmouth_3, pan_entry, serial_bayou_ford_a
Depths:3: minmay_gate_of_8, layout_gridlike, grunt_pan_entry_sceptre,
          hell_entry, hangedman_abyss_entry_splay, minmay_the_grid_2x2
          [minmay_the_grid_outer_circle, minmay_the_grid_artifice,
          minmay_the_grid_gridbox,
          minmay_the_grid_prize_four_corners_diamond_a],
          minmay_staircase_bubble, uniq_jory, uniq_boris
Depths:4: evilmike_diamond_2, layout_cave_pools, grunt_hell_entry_dis_mu,
          nicolae_abyss_entry_one_way_or_another, rand_demon_pan_entry_8,
          minmay_liquid_box
Depths:5: grunt_zot_entry_tricorne, layout_basic, pan_entry,
          pf_dread_powers_of_hell, minmay_room_of_horrors, serial_shops,
          shop_statue, grunt_megastairs_5
Zot:1:    layout_gridlike, grunt_megastairs_3
Zot:2:    kennysheep_blocky_hall, layout_basic, st_small_dragon_hoard_3
Zot:3:    layout_onion_interference, st_single_dragon_hoard_3,
          st_single_dragon_hoard_4, grunt_ministairs_15, uniq_tiamat
Zot:4:    grunt_deathspiral_small, layout_concentric_octagons
Zot:5:    layout_misc_corridors

Skill      XL: |  1  2  3  4  5  6  7  8  9 10 11 12 13 14 15 16 17 18 19 20 21 22 23 24 25 26 27 |
---------------+----------------------------------------------------------------------------------+-----
Fighting       | 4 5 6 7 9 10 11 12 13 15 16 17 19 20 22 23 25 26 27 | 27.0
Axes           | 3 4 5 7 8 10 12 14 16 17 19 20 21 22 24 25 26 27 | 27.0
Shields        | 4 5 6 8 9 10 12 13 14 15 17 19 21 24 27 | 27.0
Armour         | 4 5 6 7 8 9 10 11 12 14 15 16 17 18 19 20 24 | 24.3
Throwing       | 1 2 3 4 5 9 |  9.6
Dodging        | 1 |  1.0
Evocations     | 1 2 |  2.8
Invocations    | 1 2 3 4 6 7 10 11 12 21 | 21.5
Stealth        | |  0.7

Action                   |  1- 3 |  4- 6 |  7- 9 | 10-12 | 13-15 | 16-18 | 19-21 | 22-24 | 25-27 || total
-------------------------+-------+-------+-------+-------+-------+-------+-------+-------+-------++-------
Melee: War axe           |   109 |   164 |   178 |   245 |    27 |    68 |   108 |   244 |       ||  1143
       Broad axe         |       |       |       |   331 |   841 |   947 |   931 |  1101 |  2195 ||  6346
Throw: Stone             |       |    45 |       |       |       |       |       |       |       ||    45
       Dart              |       |       |   117 |   184 |   228 |   211 |    53 |    11 |    96 ||   900
       Boomerang         |       |       |       |       |       |     5 |       |       |       ||     5
       Javelin           |       |       |       |       |       |     3 |       |       |       ||     3
Invok: Heroism           |       |       |       |     1 |     7 |    11 |    28 |    23 |       ||    70
       Divine Shield     |       |       |       |       |       |       |       |    11 |    70 ||    81
       Cleansing Flame   |       |       |       |       |       |       |       |    11 |     6 ||    17
       Summon Divine War |       |       |       |       |       |       |       |       |     8 ||     8
Evoke: Wand              |       |       |     4 |       |    16 |       |       |       |     5 ||    25
       Box of beasts     |       |       |       |       |     2 |     2 |     1 |     1 |       ||     6
       Tin of tremorston |       |       |       |       |       |     2 |       |       |       ||     2
       Lightning rod     |       |       |       |       |       |       |       |     1 |       ||     1
  Use: Scroll            |     2 |     9 |       |    13 |     8 |     8 |     7 |     9 |    16 ||    72
       Potion            |       |     1 |     6 |       |       |     4 |       |       |    11 ||    22
 Stab: Confused          |       |       |     1 |       |       |     2 |       |       |       ||     3
       Distracted        |       |       |       |       |       |     1 |     1 |     2 |       ||     4
Armor: Scale mail        |    15 |       |       |       |       |       |       |       |       ||    15
       Ring mail         |    42 |    16 |       |       |       |       |       |       |       ||    58
       Plate armour      |       |    61 |     8 |       |       |       |       |       |       ||    69
       Leather armour    |       |       |    12 |       |       |       |       |       |       ||    12
       Gold dragon scale |       |       |    65 |   273 |   496 |   652 |   452 |   544 |   921 ||  3403
Dodge: Dodged            |    40 |    31 |    34 |    48 |    99 |   174 |   195 |   228 |   333 ||  1182
Block: Kite shield       |    54 |    88 |    88 |   369 |   635 |   828 |   855 |  1178 |  2440 ||  6535
